 Dungeon Crawl Stone Soup version 0.31-a0-549-gf98fd537a9 (webtiles) character file.

Game seed: 876124858319249359

240 AdnanSaban the Cudgeller (level 6, -5/38 HPs)
             Began as a Gargoyle Fighter on Aug 16, 2023.
             Slain by a gnoll sergeant
             ... wielding a +0 spear
              (11 damage)
             ... on level 3 of the Dungeon.
             The game lasted 00:02:00 (1873 turns).

AdnanSaban the Cudgeller (Gargoyle Fighter)         Turns: 1873, Time: 00:02:00

Health: -5/38      AC: 25    Str: 21    XL:     6   Next: 8%
Magic:  6/6        EV:  8    Int:  9    God:
Gold:   124        SH:  4    Dex:  9    Spells: 5/5 levels left

rFire   . . .        q - +2 flail (protect)
rCold   + . .        c - +0 buckler
rNeg    + . .        k - +2 chain mail {rC+}
rPois   ∞            o - +0 helmet
rElec   +            (no cloak)
rCorr   .            (no gloves)
SInv    .            h - +0 pair of boots
Will    .....        (no amulet) Stlth
                     (no ring)
HPRegen 0.26/turn    (no ring)
MPRegen 0.10/turn

%: no passive effects
@: under a protective aura
A: sickness immunity, AC +4, negative energy resistance 1, electricity
resistance, torment resistance 1, petrification resistance
a: no special abilities


You were on level 3 of the Dungeon.
You visited 1 branch of the dungeon, and saw 3 of its levels.

You collected 124 gold pieces.

Inventory:

Hand Weapons
 q - a +2 flail of protection (weapon)
Missiles
 m - a throwing net
Armour
 c - a +0 buckler (worn)
 h - a +0 pair of boots (worn)
 k - a +2 chain mail of cold resistance (worn)
 o - a +0 helmet (worn)
Jewellery
 p - a ring of positive energy
Scrolls
 a - a scroll of butterflies {unknown}
 e - 2 scrolls of immolation {unknown}
 f - 3 scrolls of teleportation {unknown}
 j - 3 scrolls of identify {unknown}
 l - a scroll of enchant weapon {unknown}
 n - a scroll of blinking {unknown}
Potions
 b - a potion of curing {unknown}
 d - 2 potions of might
 g - a potion of heal wounds {unknown}
 i - 2 potions of lignification {unknown}


   Skills:
 + Level 4.3 Fighting
 + Level 4.5 Maces & Flails
 + Level 3.9 Armour
 + Level 0.6 Dodging
 + Level 0.1 Stealth
 + Level 4.1 Shields


You had 5 spell levels left.
You didn't know any spells.
Your spell library contained the following spells:

 Spells                   Type           Power      Damage    Failure   Level
 Wereblood                Tmut           0%         N/A       99%         2
 Dispel Undead            Necr           0%         3d6       100%        4
 Irradiate                Conj/Tmut      0%         3d11      100%        5
 Death Channel            Necr           0%         N/A       100%        6
 Cigotuvi's Dreadful Rot  Necr/Pois/Air  Unusable   N/A       N/A         2

Dungeon Overview and Level Annotations

Branches:
Dungeon (3/15)

Altars:


Innate Abilities, Weirdness & Mutations

You are immune to sickness and miasma.
Your stone body is resilient. (AC +4)
You are immune to poison.
You resist negative energy. (rN+)
You are resistant to electric shocks. (rElec)
You are resistant to unholy torment.
You are immune to petrification.


Message History

You block the jackal's attack.
The gnoll sergeant hits you but does no damage.
You block the jackal's attack.
You closely miss the jackal.
The jackal is moderately wounded.
The jackal barely misses you.
The gnoll sergeant hits you from afar with a +0 spear.
You sock the jackal!
You kill the jackal!
You block the gnoll sergeant's attack. The gnoll sergeant barely misses you.
The gnoll hits you but does no damage.
You hit the gnoll sergeant.
The gnoll sergeant is lightly wounded.
The gnoll sergeant closely misses you. The gnoll barely misses you.
You hit the gnoll sergeant but do no damage.
The gnoll sergeant is lightly wounded.
The gnoll sergeant hits you but does no damage.
The gnoll barely misses you.
The gnoll sergeant hits you but does no damage.
You hit the gnoll sergeant.
The gnoll sergeant is moderately wounded.
You block the gnoll's attack. You block the gnoll sergeant's attack.
You block the gnoll's attack.
You hit the gnoll sergeant.
The gnoll sergeant is moderately wounded.
You block the gnoll sergeant's attack. The gnoll hits you but does no damage.
You hit the gnoll sergeant.
The gnoll sergeant is heavily wounded.
The gnoll sergeant hits you with a +0 spear.
The gnoll hits you but does no damage.
You are too injured to fight recklessly!
You sock the gnoll sergeant!
The gnoll sergeant is almost dead.
The gnoll sergeant hits you with a +0 spear!
* * * LOW HITPOINT WARNING * * *
The gnoll hits you but does no damage.
You hit the gnoll sergeant but do no damage.
The gnoll sergeant is almost dead.
The gnoll sergeant hits you with a +0 spear!
You die...

#...P~≈#...#############
#....≈≈#ggo#o...........
#....~≈#####o≈~≈≈≈~~~~~~
#....≈≈≈≈≈≈≈≈≈≈≈≈≈≈≈≈≈≈~
#P...≈~~~~~~~≈~~≈)~~≈≈~~
#..............†........
########g...g...)>......
#g#########...... #@#
...... #.# .....
#<.....# ##### ########


You could see a gnoll sergeant, 2 gnolls and 3 orcs.

Vanquished Creatures
  A howler monkey (D:3)
  2 hounds (D:3)
  Jessica (D:3)
  2 gnolls (D:3)
  An adder (D:2)
  3 worms
  A dart slug (D:1)
  An orc (D:3)
  5 ball pythons
  7 endoplasms
  2 giant cockroaches (D:3)
  5 goblins
  6 hobgoblins
  18 jackals
  5 kobolds
  4 bats
  5 rats
69 creatures vanquished.

Notes
Turn   | Place    | Note
-------+----------+-------------------------------------------
     0 | D:1      | AdnanSaban the Gargoyle Fighter began the quest for the
                  | Orb.
     0 | D:1      | Reached XP level 1. HP: 14/14 MP: 1/1
   165 | D:1      | Reached XP level 2. HP: 17/19 MP: 2/2
   236 | D:1      | Found a faded altar of an unknown god.
   349 | D:1      | Reached XP level 3. HP: 23/23 MP: 3/3
  1125 | D:2      | Reached XP level 4. HP: 26/29 MP: 4/4
  1573 | D:3      | Noticed Jessica
  1577 | D:3      | Killed Jessica
  1725 | D:3      | Reached XP level 5. HP: 33/33 MP: 5/5
  1841 | D:3      | Reached XP level 6. HP: 38/38 MP: 6/6
  1873 | D:3      | Slain by a gnoll sergeant

Illustrated notes

Levels and vault maps discovered:
D:1:      dpeg_arrival_rhombus, layout_loops_ring,
          hellmonk_ecumenical_altar_dog_temple
D:2:      layout_basic
D:3:      lemuel_castle_with_subvaults [lemuel_castle_interior_original],
          layout_basic, uniq_grinder, uniq_jessica

Skill      XL: |  1  2  3  4  5 |
---------------+----------------+-----
Fighting       | 4 |  4.3
Maces & Flails | 3 4 |  4.5
Shields        | 4 |  4.1
Armour         | |  3.9
Dodging        | |  0.6
Stealth        | |  0.1

Action                     |  1- 3 |  4- 6 || total
---------------------------+-------+-------++-------
  Melee: Flail             |   117 |   117 ||   234
 Armour: Scale mail        |    49 |       ||    49
         Chain mail        |    43 |   114 ||   157
  Dodge: Dodged            |    84 |    51 ||   135
  Block: Buckler           |    30 |    45 ||    75

Table legend: (Time is in decaauts)
 A = Elapsed time spent in this place.
 B = Non-inter-level travel time spent in this place.
 C = Inter-level travel time spent in this place.
 D = Time resting spent in this place.
 E = Time spent auto-exploring this place.
 F = Levels seen in this place.
 G = Mean time per level.
                   A        B        C        D        E       F      G
               +--------+--------+--------+--------+--------+-----+--------+
         Total |   1943 |   1883 |     60 |      0 |   1366 |   3 |  647.7 |
       Dungeon |   1943 |   1883 |     60 |      0 |   1366 |   3 |  647.7 |
               +--------+--------+--------+--------+--------+-----+--------+

Top non-repeatable levels by time:
     D:1: 824 daAuts
     D:2: 640 daAuts
     D:3: 478 daAuts
